 Dungeon Crawl Stone Soup version 0.30.0-5-g1a98f26d00 (webtiles) character file.

Game seed: 17712935891666868568

91555 backslashecho the Sage (level 16, -16/60 HPs)
             Began as a Tengu Air Elementalist on May 9, 2023.
             Was a High Priest of Sif Muna.
             Demolished by a juggernaut (28 damage)
             ... on level 3 of the Abyss.
             The game lasted 02:24:22 (37111 turns).

backslashecho the Sage (Tengu Air Elementalist)    Turns: 37111, Time: 02:24:22

Health: -16/60     AC:  8    Str:  6    XL:     16   Next: 3%
Magic:  24/31      EV: 20    Int: 18    God:    Sif Muna [*****.]
Gold:   2010       SH: 12    Dex: 23    Spells: 0/36 levels left

rFire   . . .        a - +2 dagger (venom)
rCold   + + .        G - +0 buckler
rNeg    . . .        Q - +2 robe {rC+ rF+}
rPois   .            F - +1 hat
rElec   +            P - +1 cloak "Naapresava" {Dex+8}
rCorr   .            E - +0 pair of gloves of the Morning {rElec rF++}
SInv    .            (boots unavailable)
Will    ++...        K - amulet of reflection
Stlth   +            i - ring of willpower
HPRegen 0.30/turn    f - ring of ice
MPRegen 0.22/turn

%: reflection
@: brilliant, about to teleport, on blink cooldown, flying quickly and
evasively, hasted, glowing, very quick
A: beak, talons 3, nimble flight, [dopey 2], [frail 3], ([teleportitis 2]),
[weak 2], [heat vulnerability 2], [subdued magic 3]
a: Renounce Religion, Channel Magic, Forget Spell, Divine Exegesis


You were on level 3 of the Abyss.
You worshipped Sif Muna.
Sif Muna was extremely pleased with you.
You visited 3 branches of the dungeon, and saw 21 of its levels.
You visited the Abyss 1 time.
You also visited: Sewer, Bailey and Volcano.

You collected 2790 gold pieces.
You spent 780 gold pieces at shops.

Inventory:

Hand Weapons
 a - a +2 dagger of venom (weapon)
 b - a +1 sling of draining
 e - a +0 dagger of holy wrath
Missiles
 r - 9 poisoned darts (quivered)
 D - an atropa-tipped dart
Armour
 E - the +0 pair of gloves of the Morning (worn) {rElec rF++}
   (You bought it in a shop on level 2 of the Orcish Mines)

   rF:        It greatly protects you from fire.
   rElec:     It insulates you from electricity.
 F - a +1 hat (worn)
 G - a +0 buckler (worn)
 I - the +5 ring mail of Vogo {Will+}
   (You found it on level 8 of the Dungeon)

   Will:      It increases your willpower.
 M - the +2 robe of the Spheres {rC+}
   (You found it on level 9 of the Dungeon)

   rC:        It protects you from cold.
 P - the +1 cloak "Naapresava" (worn) {Dex+8}
   (You found it on level 5 of the Lair of Beasts)

   Dex:       It affects your dexterity (+8).
 Q - a +2 robe of resistance (worn)
 W - a +0 robe of fire resistance
 X - a +0 kite shield
Jewellery
 c - a +6 ring of intelligence
 f - a ring of ice (right hand)
 i - a ring of willpower (left hand)
 u - a ring of positive energy
 K - an amulet of reflection (around neck)
 L - a ring of protection from cold
 U - a ring of wizardry
Wands
 n - a wand of flame (22)
 H - a wand of mindburst (27)
 J - a wand of iceblast (7)
 O - a wand of digging (16)
 T - a wand of paralysis (6)
Scrolls
 g - 7 scrolls of identify
 h - 3 scrolls of immolation
 m - 2 scrolls of fog
 v - 5 scrolls of enchant armour
 x - 3 scrolls of teleportation
 z - 2 scrolls of magic mapping
 A - a scroll of fear
 B - 3 scrolls of amnesia
Potions
 j - 6 potions of cancellation
 l - 8 potions of curing
 o - 9 potions of might
 p - 8 potions of brilliance
 q - 3 potions of haste
 s - 5 potions of magic
 t - a potion of mutation
 w - 3 potions of resistance
 C - 4 potions of heal wounds
Miscellaneous
 y - a condenser vane


   Skills:
 - Level 5.0 Fighting
 - Level 5.0 Armour
 - Level 7.2 Dodging
 - Level 2.0 Stealth
 - Level 9.0 Shields
 + Level 10.7 Spellcasting
 - Level 11.2 Conjurations
 - Level 8.0 Translocations
 + Level 11.6 Ice Magic
 - Level 10.0 Air Magic
 - Level 12.0 Invocations


You couldn't memorise any spells.
You knew the following spells:

 Your Spells              Type           Power      Damage    Failure   Level
a - Shock                 Conj/Air       100%       1d9       0%          1
b - Blink                 Tloc           60%        N/A       1%          2
c - Static Discharge      Conj/Air       74%        2-6/arc   1%          2
d - Airstrike             Air            18%        2d(3-19)  1%          4
e - Irradiate             Conj/Tmut      11%        3d15      19%         5
f - Iskenderun's Mystic   Conj/Tloc      34%        2d8       1%          4
i - Freezing Cloud        Conj/Ice/Air   27%        6-21      1%          5
j - Ozocubu's Refrigerat  Ice            28%        4d13      45%         7
n - Swiftness             Air            36%        N/A       1%          3
r - Stone Arrow           Conj/Erth      46%        3d9       1%          3

Your spell library contained the following spells:

 Spells                   Type           Power      Damage    Failure   Level
 Magic Dart               Conj           100%       1d8       0%          1
 Searing Ray              Conj           78%        2d7       0%          2
 Apportation              Tloc           60%        N/A       1%          1
 Cigotuvi's Dreadful Rot  Necr/Pois/Air  34%        N/A       1%          2
 Ensorcelled Hibernation  Hex/Ice        72%        N/A       1%          2
 Lesser Beckoning         Tloc           60%        N/A       1%          2
 Momentum Strike          Conj/Tloc      68%        3d9       1%          2
 Poisonous Vapours        Pois/Air       42%        N/A       1%          2
 Dazzling Flash           Conj/Hex       46%        N/A       1%          3
 Frozen Ramparts          Ice            100%       1d16      1%          3
 Gell's Gravitas          Tloc           30%        N/A       1%          3
 Hailstorm                Conj/Ice       57%        3d12      1%          3
 Ozocubu's Armour         Ice            57%        N/A       1%          3
 Teleport Other           Tloc           30%        N/A       1%          3
 Vhi's Electric Charge    Tloc/Air       66%        N/A       1%          3
 Manifold Assault         Tloc           30%        N/A       1%          4
 Volatile Blastmotes      Fire/Tloc      38%        2d13      2%          3
 Ice Form                 Ice/Tmut       36%        N/A       4%          4
 Summon Ice Beast         Ice/Summ       36%        N/A       4%          4
 Sting                    Tmut/Pois      28%        1d4       5%          1
 Fulminant Prism          Conj/Hex       11%        3d9       5%          4
 Passwall                 Tmut/Erth      5%         N/A       9%          2
 Sublimation of Blood     Necr           7%         N/A       9%          2
 Ignite Poison            Fire/Tmut/Pois 7%         N/A       21%         3
 Spider Form              Tmut/Pois      7%         N/A       21%         3
 Silence                  Hex/Air        10%        N/A       24%         5
 Summon Forest            Summ/Tloc      9%         N/A       36%         5
 Dispersal                Tloc           15%        N/A       38%         6
 Anguish                  Hex/Necr       3%         N/A       58%         4
 Olgreb's Toxic Radiance  Pois           7%         N/A       58%         4
 Petrify                  Tmut/Erth      7%         N/A       58%         4
 Simulacrum               Ice/Necr       18%        N/A       73%         6
 Iron Shot                Conj/Erth      11%        9d3       77%         6
 Starburst                Conj/Fire      11%        6d5       77%         6
 Alistair's Intoxication  Tmut/Pois      4%         N/A       92%         5
 Blade Hands              Tmut           3%         N/A       92%         5
 Summon Mana Viper        Hex/Summ       7%         N/A       92%         5
 Summon Cactus Giant      Summ           3%         N/A       100%        6
 Dragon Form              Tmut           3%         N/A       100%        7
 Monstrous Menagerie      Summ           3%         N/A       100%        7
 Maxwell's Capacitive Co  Air            18%        ∞         100%        8


Dungeon Overview and Level Annotations

Branches:
Dungeon (14/15)            Temple (0/1) D:6            Lair (5/5) D:11
  Swamp (0/4) Lair:2       Spider (0/4) Lair:2        Slime (0/5) Lair:5
    Orc (2/2) D:11            Elf (0/3) Orc:2         Sewer (visited)
 Bailey (visited)         Volcano (visited)
 Vaults: D:13-14

Altars:
Fedhas
Gozag
Hepliaklqana
Kikubaaqudgha
Makhleb
Qazlal
Ru
Sif Muna
Uskayaw
Wu Jian
Xom
Yredelemnul
The Shining One
Jiyva

Shops:
D:6 (   D:9 *   D:13 *   Orc:2 ([*=

Portals:
Trove: D:12 (give 6 potions of haste)

Annotations:
D:8 !ugly thing
D:14 exclusions: 3 doors and wizard, Louise
Lair:1 3 runed translucent doors, Sammaje's ghost, novice MiBe
Lair:4 1 exclusion


Innate Abilities, Weirdness & Mutations

You have a beak for a mouth.
You have claws for feet.
Your magical nature lets you fly swiftly and evasively.
[You are very dopey. (Int -4)]
[You are extremely frail. (-30% HP)]
[((You are often teleported next to monsters.))]
[You are very weak. (Str -4)]
[You are very vulnerable to heat. (rF--)]
[Your spells are much easier to cast, but much less powerful.]


Message History

The angel is knocked back by the mystic blast.
The angel collides with the wretched star!
The wretched star is lightly damaged.
The mystic blast hits the ophan.
The ophan is lightly wounded.
The ophan is knocked back by the mystic blast.
The ophan slams into the stone wall!
The ophan is lightly wounded.
You hear an angry squeal.
The wretched star is engulfed in freezing vapours.
You now have 24/31 mp.
Okay, then.
You feel as though your hastened speed will last longer.
The angel is engulfed in freezing vapours.
The ophan is engulfed in freezing vapours.
The ophan calls forth blessed flames!
Blessed fire suddenly surrounds you!
A cherub opens the door.
The wretched star is engulfed in freezing vapours.
Blink to where?
Press: ? - help, Dir - move target, p - wretched star
As you read the scroll of blinking, it crumbles to dust.
The wretched star is engulfed in blessed fire.
The wretched star pulses with an eldritch light!
Your connection to magic feels nearly dormant.
You feel weaker. x2
Unknown command.
You reach down and open the door.
A juggernaut comes into view.
The juggernaut shouts!
The cherub sings a powerful hymn!
The angels go into a battle-frenzy!
The cherub shoots an arrow.
The arrow hits you!!
* * * LOW HITPOINT WARNING * * *
Found an abyssal rune of Zot.
You take 18 damage, and have 12/60 hp.
MASSIVE DAMAGE!!
Unknown command.
The ophan calls forth blessed flames!
Blessed fire suddenly surrounds you!
Okay, then.
Unknown command.
Press: ? - help, v - describe, . - travel
Here: a juggernaut (haloed)
The floor.
Press: ? - help, v - describe, . - travel The floor, spattered with blood.
There is a cloud of blessed fire here.
Casting: Iskenderun's Mystic Blast (dangerous; 1% risk of failure)
Confirm with . or Enter, or press ? or * to list all spells.
You feel a surge of power!
You blink.
The juggernaut hits you!!
You die...

###### ## #@§§§##
#G## ## ####C§§.#
#§..###. .
#φ.'§§A.AA*G_.
'D3⌠.
####....###G..###..
. ....## ##.##8####
###### . ##⌠ ⌠.. .
. . . . . . . .. #
. #. . ... # #.
.....#.


You could see a juggernaut and a cherub (strong).

Vanquished Creatures
  Rupert (Lair:4)
  2 orc warlords
  Nessos (Orc:2)
  A minotaur (D:13)
  An ettin (Orc:1)
  Josephine (D:13)
  4 hydras
  An ogre mage (Volcano)
  2 dancing weapons (Abyss:3)
  5 boulder beetles
  4 centaur warriors
  An alligator (Lair:5)
  8 two-headed ogres
  5 death yaks (Lair:5)
  A hell knight (Volcano)
  5 orc high priests (Orc:2)
  A skyshark (Lair:4)
  Amaemon (Lair:1)
  A lindwurm (Lair:3)
  4 orc knights
  A deep elf pyromancer (D:13)
  3 orc sorcerers
  2 manticores
  2 ugly things
  4 cyclopes
  17 elephants
  An orange demon (Lair:1)
  7 black mambas
  2 torpor snails
  5 unseen horrors
  Maggie (D:9)
  11 cane toads
  A yaktaur (D:12)
  7 komodo dragons
  2 tengu conjurers
  15 polar bears
  A hornet (D:10)
  2 raiju (Lair:5)
  6 trolls
  5 blink frogs
  13 dream sheep
  A centaur simulacrum (D:14)
  Sigmund (D:4)
  5 slime creatures
  7 wraiths
  41 yaks
  A vampire (D:9)
  3 basilisks
  A water elemental (D:11)
  3 wyverns
  4 steam dragons
  5 vampire mosquitoes (D:13)
  9 wargs
  Edmund (D:4)
  Menkaure (D:4)
  13 hell hounds (Lair:5)
  2 acid dragons
  11 water moccasins
  20 black bears
  A sky beast (D:7)
  47 orc warriors
  3 ogres
  4 ice beasts
  27 wolves
  7 centaurs
  Blork the orc (D:4)
  3 phantoms
  A kobold brigand (D:6)
  11 bullfrogs
  8 gnoll sergeants
  7 scorpions
  9 wights
  4 killer bees
  6 spriggan skeletons (D:9)
  A troll skeleton (D:9)
  6 electric eels
  A howler monkey (D:6)
  3 lava snakes (D:13)
  7 hounds
  5 jellies
  19 orc priests
  An iron imp (Abyss:3)
  4 sleepcaps
  An iguana (D:7)
  28 orc wizards
  37 gnolls
  8 adders
  3 river rats
  A shadow imp (D:5)
  3 white imps
  2 worms
  3 dart slugs
  104 orcs
  5 bats
  3 endoplasms
  15 giant cockroaches
  5 goblins
  10 hobgoblins
  7 jackals
  10 quokkas
  14 ball pythons
  14 frilled lizards
  11 kobolds
  4 rats
761 creatures vanquished.

Vanquished Creatures (collateral kills)
  An orc warrior (Bailey)
  A hound (D:5)
  A gnoll (D:5)
  8 orcs (Bailey)
  A quokka (D:5)
12 creatures vanquished.

Vanquished Creatures (others)
  A gnoll (D:6)
  An orc (Bailey)
  A kobold (D:6)
3 creatures vanquished.

Grand Total: 776 creatures vanquished

Notes
Turn   | Place    | Note
-------+----------+-------------------------------------------
     0 | D:1      | backslashecho the Tengu Air Elementalist began the quest
                  | for the Orb.
     0 | D:1      | Reached XP level 1. HP: 10/10 MP: 4/4
   181 | D:1      | Reached XP level 2. HP: 15/15 MP: 3/6
   518 | D:1      | Reached XP level 3. HP: 19/19 MP: 3/7
  1091 | D:2      | Found a faded altar of an unknown god.
  1307 | D:2      | Reached XP level 4. HP: 24/24 MP: 4/9
  1510 | D:2      | Learned a level 2 spell: Static Discharge
  1514 | D:2      | Learned a level 3 spell: Swiftness
  2866 | D:3      | Noticed a black bear
  2874 | D:3      | HP: 1/24 [black bear (1)]
  2895 | D:3      | Killed a black bear
  2896 | D:3      | Gained mutation: Your magical nature lets you fly swiftly
                  | and evasively. [Tengu growth]
  2896 | D:3      | Reached XP level 5. HP: 5/28 MP: 3/11
  3170 | D:4      | Noticed Edmund
  3191 | D:4      | Killed Edmund
  3192 | D:4      | Reached skill level 5 in Conjurations
  3192 | D:4      | Reached skill level 5 in Air Magic
  3192 | D:4      | Reached XP level 6. HP: 17/32 MP: 3/13
  3307 | D:4      | Noticed Blork the orc
  3323 | D:4      | Killed Blork the orc
  3324 | D:4      | Reached XP level 7. HP: 6/36 MP: 1/15
  3458 | D:4      | Noticed Menkaure
  3699 | D:4      | Found a glowing drain.
  3708 | Sewer    | Entered a sewer
  4024 | Sewer    | Reached skill level 5 in Spellcasting
  4043 | Sewer    | Identified the +0 robe of the Sacrificial Victim {Dex+3}
  4830 | D:4      | Noticed Sigmund
  4835 | D:4      | Killed Sigmund
  4983 | D:4      | Killed Menkaure
  4984 | D:4      | Reached XP level 8. HP: 41/41 MP: 11/16
  5037 | D:4      | Learned a level 4 spell: Airstrike
  5098 | D:5      | Entered Level 5 of the Dungeon
  5997 | D:5      | Found a hide-covered altar of Uskayaw.
  5999 | D:5      | Found a sacrificial altar of Ru.
  6093 | D:6      | Reached XP level 9. HP: 45/45 MP: 9/18
  6585 | D:6      | Found a shimmering blue altar of Sif Muna.
  6591 | D:6      | Reached skill level 5 in Dodging
  6656 | D:6      | Became a worshipper of Sif Muna the Loreminder
  6797 | D:6      | Reached skill level 10 in Air Magic
  6910 | D:6      | Reached skill level 1 in Fighting
  7000 | D:6      | Found a staircase to the Ecumenical Temple.
  7152 | D:6      | Found Vualatur's Antique Weapon Emporium.
  7278 | D:7      | Reached * piety under Sif Muna
  7336 | D:7      | Reached skill level 1 in Invocations
  7442 | D:7      | Found a flagged portal.
  7452 | Bailey   | Entered a bailey
  7621 | Bailey   | Reached skill level 2 in Invocations
  7621 | Bailey   | Reached XP level 10. HP: 56/56 MP: 16/22
  7707 | Bailey   | Reached skill level 10 in Invocations
  7707 | Bailey   | Reached XP level 11. HP: 60/60 MP: 23/23
  7761 | Bailey   | Reached ** piety under Sif Muna
  7921 | Bailey   | Noticed an orc knight
  7987 | Bailey   | Killed an orc knight
  8211 | D:7      | HP: 2/61 [wolf (8)]
  9044 | D:7      | Learned a level 2 spell: Blink
  9394 | D:8      | Identified the +5 ring mail of Vogo {Will+}
  9647 | D:8      | Reached skill level 1 in Shields
  9886 | D:8      | Found a blossoming altar of Fedhas.
  9887 | D:8      | Found an ornate altar of the Wu Jian Council.
  9888 | D:8      | Found a basalt altar of Yredelemnul.
  9888 | D:8      | Found a glowing golden altar of the Shining One.
  9889 | D:8      | Found an ancient bone altar of Kikubaaqudgha.
  9889 | D:8      | Found a stormy altar of Qazlal.
  9890 | D:8      | Found a burning altar of Makhleb.
  9902 | D:8      | Learned a level 5 spell: Freezing Cloud
 10011 | D:8      | Identified the +1 leather armour "Hittag Jiola" {Will+
                  | Dex+3}
 10556 | D:8      | Noticed a brown ugly thing
 10863 | D:9      | Found Gozag's Platinum Reserve.
 10868 | D:9      | Found an opulent altar of Gozag.
 10926 | D:9      | Identified the +2 robe of the Spheres {rC+}
 11190 | D:9      | Reached skill level 5 in Fighting
 11253 | D:9      | Noticed Maggie
 11266 | D:9      | Killed Maggie
 11575 | D:9      | Reached skill level 1 in Armour
 12059 | D:9      | Found a hazy altar of Hepliaklqana.
 12105 | D:10     | Entered Level 10 of the Dungeon
 12418 | D:10     | Noticed a white ugly thing
 12528 | D:10     | Noticed a centaur warrior
 12531 | D:10     | Killed a centaur warrior
 12733 | D:10     | Learned a level 4 spell: Iskenderun's Mystic Blast
 13352 | D:10     | Killed a white ugly thing
 13353 | D:10     | Reached skill level 11 in Invocations
 13661 | D:11     | Reached skill level 5 in Shields
 13972 | D:11     | Noticed a boulder beetle
 14245 | D:11     | Reached XP level 12. HP: 60/68 MP: 18/25
 14522 | D:11     | Reached *** piety under Sif Muna
 15490 | D:11     | Reached skill level 1 in Translocations
 15695 | D:11     | Found a staircase to the Orcish Mines.
 15704 | D:11     | Found a staircase to the Lair.
 15802 | D:12     | Noticed a boulder beetle
 15852 | D:12     | Noticed a boulder beetle
 15922 | D:12     | Noticed a centaur warrior
 15923 | D:12     | Noticed a boulder beetle
 15931 | D:12     | Killed a centaur warrior
 16402 | Lair:1   | Entered Level 1 of the Lair of Beasts
 16402 | Lair:1   | Found a shimmering altar of Xom.
 16620 | Lair:1   | Reached skill level 5 in Armour
 17598 | Lair:1   | Found a runed translucent gate.
 17598 | Lair:1   | Found a runed translucent gate.
 17598 | Lair:1   | Found a runed translucent gate.
 17599 | Lair:1   | Noticed Sammaje's ghost (novice MiBe)
 17599 | Lair:1   | Noticed a great orb of eyes
 17736 | Lair:1   | Noticed Amaemon
 17749 | Lair:1   | Killed Amaemon
 18027 | Lair:1   | Found a viscous altar of Jiyva.
 18040 | Lair:2   | Noticed a four-headed hydra
 18061 | Lair:2   | Found a staircase to the Swamp.
 18313 | Lair:2   | Reached skill level 5 in Translocations
 18471 | Lair:2   | Reached skill level 1 in Ice Magic
 18494 | Lair:2   | Found a hole to the Spider Nest.
 18534 | Lair:2   | Reached **** piety under Sif Muna
 18899 | Lair:2   | Noticed a four-headed hydra
 19019 | Lair:2   | Killed a four-headed hydra
 19020 | Lair:2   | Reached XP level 13. HP: 72/72 MP: 9/26
 20221 | Lair:2   | Reached skill level 12 in Invocations
 20460 | Lair:3   | Reached skill level 5 in Ice Magic
 22873 | Lair:4   | Found a dark tunnel.
 22890 | Volcano  | Entered a volcano
 22943 | Volcano  | Found a bloodstained altar of Trog.
 23755 | Lair:4   | Reached XP level 14. HP: 73/78 MP: 8/28
 23756 | Lair:4   | Reached ***** piety under Sif Muna
 24083 | Lair:4   | Reached skill level 10 in Conjurations
 24577 | Lair:5   | Entered Level 5 of the Lair of Beasts
 24704 | Lair:4   | Received a gift from Sif Muna
 25530 | Lair:5   | Noticed Rupert
 25553 | Lair:4   | Killed Rupert
 26248 | Lair:5   | Reached skill level 10 in Ice Magic
 26335 | Lair:5   | Found a viscous altar of Jiyva.
 26853 | Lair:5   | Found a staircase to the Slime Pits.
 27250 | Lair:5   | Reached skill level 10 in Spellcasting
 27399 | Lair:5   | Received a gift from Sif Muna
 27403 | Lair:5   | Got Sif Muna's Reference Book on Weathered Nonlocality {god
                  | gift}
 27943 | Lair:5   | Reached XP level 15. HP: 29/82 MP: 12/30
 28309 | Lair:5   | Identified the +1 cloak "Naapresava" {Dex+8}
 28852 | Orc:1    | Entered Level 1 of the Orcish Mines
 29333 | Orc:1    | Noticed an orc warlord
 29487 | Orc:1    | Killed an orc warlord
 29929 | Orc:2    | Entered Level 2 of the Orcish Mines
 30150 | Orc:2    | Noticed Nessos
 30158 | Orc:2    | Killed Nessos
 30416 | Orc:2    | Found a staircase to the Elven Halls.
 30539 | Orc:2    | Received a gift from Sif Muna
 30547 | Orc:2    | Noticed an orc warlord
 30548 | Orc:2    | Got Sif Muna's Meditations on Algor and Geomancy {god gift}
 31039 | Orc:2    | Killed an orc warlord
 32092 | Orc:2    | Found Voaconk's General Store.
 32093 | Orc:2    | Found Qonasody's Jewellery Boutique.
 32095 | Orc:2    | Found Meghon's Antique Armour Boutique.
 32095 | Orc:2    | Found Nonor's Antique Weapon Shop.
 32689 | Orc:2    | Learned a level 5 spell: Irradiate
 32769 | Orc:2    | Bought a pair of fine gloves for 332 gold pieces
 32769 | Orc:2    | Identified the +0 pair of gloves of the Morning {rElec
                  | rF++} (You bought it in a shop on level 2 of the Orcish
                  | Mines)
 32783 | Orc:2    | Bought a transparent whip for 240 gold pieces
 32783 | Orc:2    | Identified the +1 whip of Fragile Peace {pain, *Noise
                  | Int+3} (You bought it in a shop on level 2 of the Orcish
                  | Mines)
 32783 | Orc:2    | Bought a smouldering sling for 208 gold pieces
 32783 | Orc:2    | Identified the +0 sling of Baun {flame, Dex+4} (You bought
                  | it in a shop on level 2 of the Orcish Mines)
 32806 | Orc:2    | Learned a level 7 spell: Ozocubu's Refrigeration
 33010 | D:12     | Identified the ring "Fomeu" {Fly rF- Will- Str+8 Int+5}
 33707 | D:12     | Found a portal to a secret trove of treasure.
 34054 | D:12     | Received a gift from Sif Muna
 34275 | D:12     | Learned a level 1 spell: Magic Dart
 34818 | D:13     | Found Giutic's Fire Supplies.
 34856 | D:13     | Noticed Josephine
 34864 | D:13     | Killed Josephine
 36082 | D:13     | Found the +18 Lear's hauberk
 36447 | D:14     | Found a sacrificial altar of Ru.
 36556 | D:14     | Reached XP level 16. HP: 28/87 MP: 2/31
 36896 | D:14     | Noticed Louise
 36928 | Abyss:3  | Found a corrupted altar of Lugonu.
 36928 | Abyss:3  | Cast into level 3 of the Abyss (Louise)
 36946 | Abyss:3  | Learned a level 3 spell: Stone Arrow
 37089 | Abyss:3  | Noticed a bone dragon
 37097 | Abyss:3  | Found a glowing golden altar of the Shining One.
 37109 | Abyss:3  | Noticed a juggernaut
 37111 | Abyss:3  | Demolished by a juggernaut

Illustrated notes

Levels and vault maps discovered:
D:1:      dpeg_arrival_rooms_b, layout_basic
D:2:      layout_rooms, nicolae_ecumenical_lake_church,
          hangedman_abyss_or_decor_lesser_grid
D:3:      layout_basic, minmay_misc_feat_hallway, kennysheep_nub,
          kennysheep_decorative_pillar
D:4:      layout_gridville, portal_sewer_entry_e, sigmund_edmund_badplayer,
          uniq_menkaure, uniq_blork_the_orc
D:5:      layout_basic, nicolae_overflow_hidden_temple, serial_curves,
          eino_curves_04, eino_curves_02, kennysheep_generic_room_14
D:6:      layout_loops_ring, nicolae_sif_muna_condensation,
          minmay_temple_entry_trees, serial_shops, nicolae_shop_back_alley_shop
D:7:      layout_cave_pools, serial_gnoll_camp, gnoll_camp_mini_sergeant,
          gnoll_camp_mini_doghouse, gnoll_camp_mini_house,
          gnoll_camp_mini_basic, enter_bailey_2
D:8:      layout_loops_ring, grunt_temple_overflow_open, kennysheep_just_a_vault
D:9:      layout_stronghold, nicolae_hepliaklqana_hippocampus,
          nicolae_gozag_zags_fifth_avenue, hangedman_tell_no_tales, uniq_maggie
D:10:     minmay_blocky_corners, layout_irregular_city
D:11:     layout_basic, lair_entry_dummy, orc_0_dummy, pond
D:12:     cheibrodos_elevator_heist, layout_long_grid, enter_trove_3
D:13:     layout_big_octagon, nicolae_shop_fire_sale [nicolae_sub_dead_trees],
          hellmonk_guarded_unrand_lears, uniq_josephine
D:14:     layout_basic, grunt_vaults_entry_tiered,
          nicolae_ru_sacrificial_ziggurat, uniq_roxanne, uniq_louise
Lair:1:   layout_hall_layers, gammafunk_ghost_ooze, basic_altar, uniq_amaemon
Lair:2:   layout_cave_pods, swamp_mist, nicolae_spider_entry_non_spiders
Lair:3:   beast_lair_carwin_large_1, layout_regular_city
Lair:4:   layout_gridlike, enter_volcano_2, lemuel_fruit_fields,
          serial_bayou_shore_a
Lair:5:   hangedman_lair_caniforms_friends, layout_regular_city,
          minmay_slime_entry_pillars, grunt_megastairs_5, serial_bayou_shore_b,
          uniq_rupert
Orc:1:    layout_diamond_mine
Orc:2:    st_orc_congregation, layout_caves, uniq_nessos
Abyss:3:  base: D:3, bh_abyss_negative, hangedman_abyss_sting, base: D:3,
          hangedman_abyss_exit_choices, evilmike_abyss_rune_tso_outpost,
          evilmike_abyss_rune_tso_outpost, hangedman_abyss_river_spirits

Skill      XL: |  1  2  3  4  5  6  7  8  9 10 11 12 13 14 15 |
---------------+----------------------------------------------+-----
Conjurations   | 2 3 4 5 7 8 9 10 11 | 11.2
Spellcasting   | 3 4 5 7 8 9 10 | 10.7
Air Magic      | 5 7 9 10 | 10.0
Dodging        | 4 5 6 7 |  7.2
Fighting       | 3 5 |  5.0
Invocations    | 2 10 11 12 | 12.0
Shields        | 5 6 8 9 |  9.0
Armour         | 3 5 |  5.0
Translocations | 5 6 8 |  8.0
Ice Magic      | 3 8 10 11 | 11.6
Stealth        | |  2.0

Action                     |  1- 3 |  4- 6 |  7- 9 | 10-12 | 13-15 | 16-18 || total
---------------------------+-------+-------+-------+-------+-------+-------++-------
  Melee: Unarmed           |     8 |       |       |       |       |       ||     8
         Peck              |     4 |     2 |     1 |     8 |    66 |       ||    81
         Kick              |     1 |     1 |     5 |    12 |   118 |     1 ||   138
         Dagger            |       |     5 |    17 |    30 |   223 |     2 ||   277
   Fire: Sling             |       |     4 |     2 |       |       |       ||     6
  Throw: Dart              |       |       |     3 |     2 |    26 |     8 ||    39
   Cast: Shock             |    62 |    73 |   281 |   490 |   785 |       ||  1691
         Static Discharge  |       |     2 |    13 |   102 |   221 |       ||   338
         Airstrike         |       |       |     3 |    75 |    78 |     1 ||   157
         Swiftness         |       |       |       |     5 |       |       ||     5
         Blink             |       |       |       |     3 |     4 |     4 ||    11
         Freezing Cloud    |       |       |       |       |    96 |     3 ||    99
         Iskenderun's Myst |       |       |       |       |    58 |     9 ||    67
         Stone Arrow       |       |       |       |       |       |    18 ||    18
 Invoke: Channel Magic     |       |       |       |       |     4 |     2 ||     6
  Evoke: Wand              |       |       |       |     2 |    18 |       ||    20
    Use: Scroll            |       |     7 |     8 |    10 |     4 |     5 ||    34
         Potion            |       |     1 |     1 |     2 |     1 |     5 ||    10
   Stab: Sleeping          |       |       |     4 |       |       |     1 ||     5
         Invisible         |       |       |       |       |       |     1 ||     1
 Armour: Robe              |     2 |     3 |     8 |       |     6 |     1 ||    20
         Steam dragon scal |       |       |    21 |     9 |       |       ||    30
         Ring mail         |       |       |       |    69 |   226 |       ||   295
  Dodge: Dodged            |     5 |    13 |    72 |   170 |   374 |    14 ||   648
  Block: Buckler           |       |       |       |   119 |   424 |     6 ||   549
         Reflection        |       |       |       |     8 |    35 |       ||    43
